 Dungeon Crawl Stone Soup version 0.28-a0-674-gdaf460b524 (webtiles) character file.

Game seed: 15587615303416199130

291 Gwenloh the Caller (level 6, 0/41 HPs)
             Began as a Merfolk Summoner on Oct 17, 2021.
             Succumbed to a scorpion's poison
             ... on level 4 of the Dungeon.
             The game lasted 00:16:35 (3837 turns).

Gwenloh the Caller (Merfolk Summoner)               Turns: 3837, Time: 00:16:36

Health: 0/41       AC:  6    Str:  9    XL:     6   Next: 32%
Magic:  3/11       EV: 14    Int: 16    God:
Gold:   214        SH:  0    Dex: 20    Spells: 2/11 levels left

rFire   . . .      SeeInvis .   a - +0 spear
rCold   . . .      Faith    .   (no shield)
rNeg    . . .      Spirit   .   o - +0 leather armour
rPois   .          Reflect  .   (no helmet)
rElec   .          Harm     .   (no cloak)
rCorr   .          Rampage  .   m - +1 pair of gloves
Will    .....                   c - +0 pair of boots
Stlth   ++........              (no amulet)
HPRegen 0.13/turn               n - ring of wizardry
MPRegen 0.12/turn               p - +6 ring of dexterity

@: lethally poisoned (0 -> -4)
A: (nimble swimmer 2), mertail
a: no special abilities


You were on level 4 of the Dungeon.
You visited 1 branch of the dungeon, and saw 4 of its levels.

You collected 214 gold pieces.

Inventory:

Hand Weapons
 a - a +0 spear (weapon)
 b - a +0 hand crossbow
Missiles
 i - 41 bolts
 k - 21 poisoned darts (quivered)
Armour
 c - a +0 pair of boots (worn)
 d - a +0 robe
 m - a +1 pair of gloves (worn)
 o - a +0 leather armour (worn)
Jewellery
 n - a ring of wizardry (left hand)
 p - a +6 ring of dexterity (right hand)
Scrolls
 j - a scroll of blinking {unknown}
 l - a scroll of identify {unknown}
Potions
 e - 2 potions of lignification {unknown}
 f - 2 potions of haste {unknown}
 g - a potion of heal wounds {unknown}


   Skills:
 + Level 4.7 Dodging
 - Level 2.1 Stealth
 + Level 3.4 Spellcasting
 * Level 5.9 Summonings


You had 2 spell levels left.
You knew the following spells:

 Your Spells              Type           Power      Damage    Failure   Level
a - Summon Small Mammal   Summ           84%        N/A       1%          1
b - Call Imp              Summ           21%        N/A       1%          2
c - Call Canine Familiar  Summ           21%        N/A       2%          3
d - Summon Guardian Gole  Hex/Summ       12%        N/A       9%          3

Your spell library contained the following spells:

 Spells                   Type           Power      Damage    Failure   Level
 Animate Skeleton         Necr           4%         N/A       11%         1
 Apportation              Tloc           4%         N/A       11%         1
 Beastly Appendage        Tmut           4%         N/A       11%         1
 Slow                     Hex            2%         N/A       16%         2
 Wereblood                Tmut           2%         N/A       16%         2
 Confusing Touch          Hex            2%         N/A       28%         3
 Ignite Poison            Fire/Tmut/Pois 2%         N/A       28%         3
 Spider Form              Tmut/Pois      1%         N/A       28%         3
 Vampiric Draining        Necr           1%         2d6       28%         3
 Summon Lightning Spire   Summ/Air       12%        N/A       28%         4
 Summon Forest            Summ/Tloc      6%         N/A       58%         5


Dungeon Overview and Level Annotations

Branches:
Dungeon (4/15)
 Temple: D:4-7

Altars:
Cheibriados

Shops:
D:1 (


Innate Abilities, Weirdness & Mutations

((You are quick and stealthy near water. (Stealth+, EV+, Speed+++)))
Your lower body shifts to a powerful aquatic tail in water.


Message History

The scorpion misses your quokka. The scorpion barely misses your quokka.
The scorpion completely misses your quokka.
Your quokka closely misses the scorpion.
What are your orders? t - Shout!
Orders for allies: a - Attack new target. p - Attack previous target. r - Retreat! s - Stop attacking. g - Guard the area. f - Follow me.
Anything else - Cancel.
Gang up on whom?
Press: ? - help, Dir - move target, f/p - scorpion
Aim: a scorpion (heavily wounded, ally target) Attack!
Your quokka bites the scorpion.
The scorpion stings your quokka.
Your quokka dies!
Your quokka's corpse disappears in a puff of smoke!
There is an open door here.
Casting: Summon Small Mammal (safe; 1% risk of failure)
Confirm with . or Enter, or press ? or * to list all spells.
The scorpion closely misses you.
You are too injured to fight recklessly!
You hit the scorpion but do no damage.
The scorpion is heavily wounded.
The scorpion stings you.
You are poisoned.
The scorpion poisons you!
You hit the scorpion but do no damage.
The scorpion is heavily wounded.
You feel sick. The scorpion stings you.
* * * LOW HITPOINT WARNING * * *
Your hound bites the scorpion but does no damage.
You hit the scorpion.
The scorpion is severely wounded.
* * * LOW HITPOINT WARNING * * *
You feel sick. The scorpion stings you.
* * * LOW HITPOINT WARNING * * *
Your hound barely misses the scorpion.
The scorpion closely misses you.
You closely miss the scorpion.
The scorpion is severely wounded.
You die...

#......#..###### #.#
#..............# #..
#......#######.######.#
#......#.....#.#.#.#..+
#......#.....#..#.#.#.#####
#......#.._..#...#.#......#
#####..#.....#..#.#.#.#.#..
##.#.....#.#.#.#.#.#.#.
#.###@###..#.#.#.#.#<#
#...sh....#.#.#.#.#.#.
##.....#.#.#.#.#.#.#.#
....#.#.#.#.#.#.#.#.#.#.
####+#+#.#.#.#.#.#.#.#.#
..#.#.#.#.#.#.#.#.
...+#.#.#.#.#.#.#.# ....
#.#.#.#.#.#.#.#. ... +#
#.#.#.#.#.#.#


You could see a scorpion (ally target) and a friendly hound (summoned).

Vanquished Creatures
  2 orc priests (D:3)
  An adder (D:2)
  2 dart slugs
  7 endoplasms
  5 giant cockroaches
  4 goblins
  8 hobgoblins
  2 jackals (D:2)
  A quokka (D:3)
  4 ball pythons
  4 bats
  2 frilled lizards
  A rat (D:1)
43 creatures vanquished.

Vanquished Creatures (collateral kills)
  A black bear (D:4)
  An orc priest (D:3)
  A howler monkey zombie (D:3)
  A dart slug (D:1)
  5 orcs (D:3)
  A ball python (D:1)
  3 bats (D:1)
  An endoplasm (D:1)
  A giant cockroach (D:1)
  2 hobgoblins
  5 kobolds
  A quokka (D:2)
  A frilled lizard (D:1)
  6 goblins (D:1)
  A rat (D:1)
31 creatures vanquished.

Grand Total: 74 creatures vanquished

Notes
Turn   | Place    | Note
-------+----------+-------------------------------------------
     0 | D:1      | Gwenloh the Merfolk Summoner began the quest for the Orb.
     0 | D:1      | Reached XP level 1. HP: 13/13 MP: 3/3
   343 | D:1      | Reached XP level 2. HP: 9/19 MP: 1/5
   600 | D:1      | Learned a level 2 spell: Call Imp
   826 | D:1      | Found Eguyt's Weapon Shoppe.
  1009 | D:1      | Reached XP level 3. HP: 24/24 MP: 4/6
  1030 | D:1      | Learned a level 3 spell: Call Canine Familiar
  2043 | D:2      | Reached XP level 4. HP: 30/30 MP: 7/7
  2465 | D:2      | Found a faded altar of an unknown god.
  2809 | D:3      | Reached skill level 5 in Summonings
  2970 | D:3      | Reached XP level 5. HP: 35/35 MP: 6/9
  3114 | D:3      | Got the Guide on the Nocuous Escort
  3484 | D:3      | Learned a level 3 spell: Summon Guardian Golem
  3701 | D:4      | Found a snail-covered altar of Cheibriados.
  3747 | D:4      | Noticed a black bear
  3770 | D:4      | Killed a black bear
  3771 | D:4      | Reached XP level 6. HP: 8/41 MP: 2/11
  3836 | D:4      | HP: 1/41 [scorpion (4)]
  3837 | D:4      | Succumbed to a scorpion's poison

Illustrated notes

Levels and vault maps discovered:
D:1:      erik_arrival_blinker_ship, layout_basic, serial_shops,
          nicolae_shop_stone, minmay_misc_feat_more_columns
D:2:      layout_loops_cross, ebering_ecumenical_altar_hall,
          nicolae_underground_beach
D:3:      layout_rooms, grunt_ministairs_10
D:4:      layout_basic, amcnicky_altar_gilded,
          mainiacjoe_overflow_surrounded_room

Skill      XL: |  1  2  3  4  5 |
---------------+----------------+-----
Dodging        | 3 4 |  4.7
Summonings     | 5 |  5.9
Spellcasting   | 3 |  3.4
Stealth        | |  2.1

Action                   |  1- 3 |  4- 6 || total
-------------------------+-------+-------++-------
Melee: Dagger            |    52 |       ||    52
       Unarmed           |    15 |       ||    15
       Spear             |    58 |   102 ||   160
 Fire: Hand crossbow     |     4 |    15 ||    19
Throw: Dart              |       |    16 ||    16
 Cast: Summon Small Mamm |    25 |     5 ||    30
       Call Imp          |     3 |     1 ||     4
       Call Canine Famil |     2 |     9 ||    11
       Summon Guardian G |       |     2 ||     2
  Use: Scroll            |       |     1 ||     1
 Stab: Sleeping          |     2 |     1 ||     3
Armor: Robe              |    33 |    15 ||    48
       Leather armour    |       |     5 ||     5
Dodge: Dodged            |    85 |    67 ||   152

Table legend: (Time is in decaauts)
 A = Elapsed time spent in this place.
 B = Non-inter-level travel time spent in this place.
 C = Inter-level travel time spent in this place.
 D = Time resting spent in this place.
 E = Time spent auto-exploring this place.
 F = Levels seen in this place.
 G = Mean time per level.
                   A        B        C        D        E       F      G
               +--------+--------+--------+--------+--------+-----+--------+
         Total |   3856 |   3734 |    122 |    393 |   2431 |   4 |  964.0 |
       Dungeon |   3856 |   3734 |    122 |    393 |   2431 |   4 |  964.0 |
               +--------+--------+--------+--------+--------+-----+--------+

Top non-repeatable levels by time:
     D:1: 1936 daAuts
     D:3: 931 daAuts
     D:2: 751 daAuts
     D:4: 236 daAuts
